 Dungeon Crawl Stone Soup version 0.32-a0-540-g866d13106e (webtiles) character file.

Game seed: 8646467126349726446

9 zenocrate the Ruffian (level 2, -7/16 HPs)
             Began as a Vine Stalker Fighter on Feb 28, 2024.
             Mangled by a kobold
             ... wielding a +1 whip of electrocution
              (11 damage)
             ... on level 1 of the Dungeon.
             The game lasted 00:00:22 (208 turns).

zenocrate the Ruffian (Vine Stalker Fighter)         Turns: 208, Time: 00:00:23

Health: -7/16      AC:  6    Str: 18    XL:     2   Next: 12%
Magic:  0/3        EV:  9    Int:  8    God:
Gold:   23         SH:  4    Dex: 13    Spells: 1/1 levels left

rFire   . .          .
                       - Unarmed
rCold   . . .        b - +0 buckler
rNeg    . . .        a - +0 scale mail
rPois   .            (no helmet)
rElec   .            (no cloak)
rCorr   .            (no gloves)
SInv    .            (no boots)
Will    .....        (no amulet) Stlth
                     (no ring)
HPRegen 1.02/turn    (no ring)
MPRegen 0.08/turn

%: guardian spirit
@: no status effects
A: fangs 2, regeneration 1, magic shield, antimagic bite, no potion heal 2
a: no special abilities


You were on level 1 of the Dungeon.
You visited 1 branch of the dungeon, and saw 1 of its levels.

You collected 23 gold pieces.

Inventory:

Armour
 a - a +0 scale mail (worn)
 b - a +0 buckler (worn)
Potions
 c - a potion of might
 d - a potion of curing {unknown}
 e - a potion of heal wounds {unknown}


   Skills:
 - Level 2.6 Fighting
 - Level 2.4 Armour
 - Level 2.6 Shields
 + Level 2.8 Unarmed Combat


You had one spell level left.
You didn't know any spells.
Your spell library was empty.

Dungeon Overview and Level Annotations

Branches:
Dungeon (1/15)

Altars:


Innate Abilities, Weirdness & Mutations

You have extremely sharp teeth.
Your natural rate of healing is unusually fast.
When hurt, damage is shared between your health and your magic reserves.
Your bite disrupts and absorbs the magic of your enemies.
Potions cannot restore your health.


Message History

No target in view!
You open the door.
There is an open door here.
A kobold comes into view.
It is wielding a +1 whip of electrocution.
Found 3 darts of dispersal.
The kobold shouts!
The kobold moves out of view.
No target in view!
No target in view!
No target in view!
You see here a scroll labelled ONUXYA LUPP.
Found a robe.
A bat comes into view.
The kobold hits you but does no damage.
There are monsters nearby!
You closely miss the kobold. You block the kobold's attack.
There are monsters nearby!
You hit the kobold. Your bite misses the kobold.
The kobold is severely wounded.
The bat hits you but does no damage. The kobold hits you but does no damage.
There are monsters nearby!
You barely miss the kobold. You bite the kobold, but do no damage.
The kobold is severely wounded.
The bat barely misses you.
The kobold hits you with a +1 whip of electrocution.
You are electrocuted!
Ouch! That really hurt!
* * * LOW HITPOINT WARNING * * *
You hit the kobold but do no damage.
The kobold is severely wounded.
The kobold closely misses you. The bat barely misses you.
Unknown command.
You completely miss the kobold. Your bite misses the kobold.
The kobold is moderately wounded.
The bat hits you but does no damage. x2
The kobold hits you with a +1 whip of electrocution.
* * * LOW HITPOINT WARNING * * *
You are electrocuted!
Ouch! That really hurt!
You die...

###.. ## #.... ... #.#.#
.... #####.#.# ###....
#.......##### .[.....
#.......#... .......
#.......#.#######K...(..
+...>...'......?@b......
#.......#.#.####........
........#.#.# #.#####.#
......#.#.#.# #.#####.#
.####.#.#.#.# #....##.#
......#.#.#.####.##.##[#
#####.#.#)#....#.##..#.#
#.#.#.####.#.....#.#
#.#.#............#.#


You could see a bat and a kobold.

Vanquished Creatures
  3 goblins (D:1)
  4 kobolds (D:1)
  A rat (D:1)
8 creatures vanquished.

Notes
Turn   | Place    | Note
-------+----------+-------------------------------------------
     0 | D:1      | zenocrate the Vine Stalker Fighter began the quest for the
                  | Orb.
     0 | D:1      | Reached XP level 1. HP: 11/11 MP: 2/2
   143 | D:1      | Reached XP level 2. HP: 16/16 MP: 1/3
   208 | D:1      | Mangled by a kobold

Illustrated notes

Levels and vault maps discovered:
D:1:      scummos_arrival_star, layout_basic, minmay_misc_feat_tower

Action                     || total
---------------------------++-------
  Melee: Unarmed           ||    29
         Bite              ||     3
 Armour: Scale mail        ||    19
  Dodge: Dodged            ||     9
  Block: Buckler           ||     6

Table legend: (Time is in decaauts)
 A = Elapsed time spent in this place.
 B = Non-inter-level travel time spent in this place.
 C = Inter-level travel time spent in this place.
 D = Time resting spent in this place.
 E = Time spent auto-exploring this place.
 F = Levels seen in this place.
 G = Mean time per level.
                   A        B        C        D        E       F      G
               +--------+--------+--------+--------+--------+-----+--------+
         Total |    207 |    207 |      0 |      0 |    141 |   1 |  207.0 |
       Dungeon |    207 |    207 |      0 |      0 |    141 |   1 |  207.0 |
               +--------+--------+--------+--------+--------+-----+--------+

Top non-repeatable levels by time:
     D:1: 207 daAuts
